 Dungeon Crawl Stone Soup version 0.25-a0-341-g6f074c8 (webtiles) character file.

Game seed: 12199454242012927297, levelgen mode: deterministic

112 Eglamore the Skirmisher (level 4, 61/61 HPs)
             Began as a Minotaur Fighter on Dec 29, 2019.
             Quit the game on level 3 of the Dungeon.
             The game lasted 00:03:47 (1847 turns).

Eglamore the Skirmisher (Minotaur Fighter)          Turns: 1847, Time: 00:03:48

Health: 61/61      AC: 22    Str: 20 (21) XL:     4   Next: 64%
Magic:  3/3        EV:  2    Int:  3 (5)  God:
Gold:   218        SH:  9    Dex:  8 (10) Spells: 3/3 levels left

rFire    . . .     SeeInvis .   a - +0 flail
rCold    . . .     Gourm    .   c - +0 shield
rNeg     + + +     Faith    .   (armour currently unavailable)
rPois    +         Spirit   .   (helmet currently unavailable)
rElec    .         Reflect  .   (cloak currently unavailable)
rCorr    .         Harm     .   (gloves currently unavailable)
MR       .....     NoTele   +   (boots currently unavailable)
Stlth    +.........             (no amulet)
HPRegen  0.20/turn              (no ring)
MPRegen  0.08/turn              (no ring)

@: tree-form
A: (retaliatory headbutt)
a: no special abilities


You were on level 3 of the Dungeon.
You were very hungry.
You were a tree.
You visited 1 branch of the dungeon, and saw 3 of its levels.

You collected 218 gold pieces.

Inventory:

Hand Weapons
 a - a +0 flail (weapon)
Armour
 b - a +0 scale mail (melded)
 c - a +0 shield (worn)
 k - a +0 large shield
 m - a +0 cloak (melded)
Wands
 o - a wand of flame (17)
Scrolls
 j - 2 scrolls of teleportation {unknown}
 n - 2 scrolls of remove curse {unknown}
 p - a scroll of noise {unknown}
Potions
 d - a potion of might
 g - a potion of curing
 h - a potion of haste
Comestibles
 f - 6 rations


   Skills:
 + Level 4.3 Fighting
 + Level 4.1 Maces & Flails
 + Level 4.3 Armour
 + Level 1.2 Dodging
 + Level 4.1 Shields


You had 3 spell levels left.
You didn't know any spells.
Your spell library was empty.

Dungeon Overview and Level Annotations

Branches:
Dungeon (3/15)

Altars:
Cheibriados


Innate Abilities, Weirdness & Mutations

((You reflexively headbutt those who attack you in melee.))
((You have a pair of horns on your head.))


Message History

Partly explored, can't reach some places.
Partly explored, can't reach some places.
(D) Dungeon
Where to? (Enter - D:3, ? - help)
Okay, then.
Okay, then.
As you read the scroll labeled DEODADW CIUSUFF, it crumbles to dust.
It is a scroll of identify.
g - a potion of curing
As you read the scroll of identify, it crumbles to dust.
h - a potion of haste
Okay, then.
It was a potion of degeneration.
There was something very wrong with that liquid.
You feel weakened.
You feel dopey.
You feel clumsy.
It was a potion of lignification.
You turn into a tree.
Your +0 cloak melds into your body.
Your +0 scale mail melds into your body.
Your roots penetrate the ground.
Are you sure you want to abandon this character and quit the game? (Confirm with "yes".)

#....######.........
#....# #.........
#....# #.######..
###### #.# #.. #≈###
#.# ### ≈≈≈## #.# #
#≈≈# #.# ## ##≈≈###
#.#######.
##♣≈≈..###.........
##≈.≈≈...#...≈≈≈≈≈..
#≈..≈≈.≈.#.≈≈≈≈≈≈≈≈≈
#≈≈.≈≈.≈...≈≈≈≈≈≈≈≈≈
#..≈.≈.)..≈≈≈≈≈≈≈≈≈≈
#...≈≈.≈..≈≈≈≈≈≈_≈≈≈
#...≈≈....≈≈≈≈≈≈≈≈≈≈
#...≈≈.....≈≈≈≈≈≈≈≈≈
#..≈≈≈......≈≈≈≈≈≈≈≈


There were no monsters in sight!

Vanquished Creatures
  Crazy Yiuf (D:2)
  An adder (D:3)
  2 oozes (D:2)
  A worm (D:2)
  2 dart slugs
  3 leopard geckos
  An orc (D:3)
  5 bats
  3 giant cockroaches (D:2)
  8 goblins
  7 hobgoblins
  2 quokkas (D:3)
  4 frilled lizards
  6 kobolds
  6 rats
  A fungus (D:2)
53 creatures vanquished.

Notes
Turn   | Place    | Note
-------+----------+-------------------------------------------
     0 | D:1      | Eglamore the Minotaur Fighter began the quest for the Orb.
     0 | D:1      | Reached XP level 1. HP: 19/19 MP: 0/0
   198 | D:1      | Reached XP level 2. HP: 20/27 MP: 1/1
   528 | D:2      | Found a faded altar of an unknown god.
   571 | D:2      | Reached XP level 3. HP: 28/33 MP: 2/2
  1157 | D:2      | Found a runed translucent door.
  1158 | D:2      | Noticed Crazy Yiuf
  1167 | D:2      | Killed Crazy Yiuf
  1167 | D:2      | Reached skill level 1 in Dodging
  1167 | D:2      | Reached XP level 4. HP: 35/40 MP: 3/3
  1231 | D:3      | Found a snail-covered altar of Cheibriados.
  1847 | D:3      | Quit the game

Levels and vault maps discovered:
D:1:      dpeg_chamrin_arrival_tetris, layout_basic, minmay_misc_feat_x,
          minmay_unequal
D:2:      layout_loops_cross, chequers_ecumenical_altar_simple,
          uniq_crazy_yiuf_cottage
D:3:      layout_rooms, first_ration, serial_rivers,
          chequers_serial_rivers_small_3, chequers_serial_rivers_room_a,
          chequers_serial_rivers_room_b, chequers_serial_rivers_small_a,
          chequers_serial_rivers_small_a, chequers_serial_rivers_small_b,
          minmay_misc_feat_rugged, hex_intersection, lemuel_altar_in_water

Skill      XL: |  1  2  3  4 |
---------------+-------------+-----
Armour         | 4 |  4.3
Maces & Flails | 3 4 |  4.1
Fighting       | 4 |  4.3
Dodging        | 1 |  1.2
Shields        | 4 |  4.1

Action                   |  1- 3 |  4- 6 || total
-------------------------+-------+-------++-------
Melee: Flail             |   136 |    28 ||   164
       Headbutt          |    17 |     3 ||    20
  Use: Scroll            |       |     2 ||     2
       Potion            |       |     2 ||     2
  Eat: Chunk             |     1 |     1 ||     2
Armor: Scale mail        |    68 |     7 ||    75
Dodge: Dodged            |    38 |     6 ||    44
Block: Shield            |    62 |    16 ||    78

Table legend:
 A = Non-vault XP
 B = Vault XP
 C = Vault XP percentage of total XP
 D = Non-vault monster count
 E = Vault monster count
 F = Vault count percentage of total count
                 A         B        C        D         E       F
            +---------+---------+-------+---------+---------+-------
      Total |     110 |      51 |  31.7 |      47 |       5 |   9.6
            +---------+---------+-------+---------+---------+-------
        D:1 |      17 |       9 |  34.6 |      12 |       4 |  25.0
        D:2 |      59 |      42 |  41.6 |      24 |       1 |   4.0
        D:3 |      34 |       0 |   0.0 |      11 |       0 |   0.0
            +---------+---------+-------+---------+---------+-------
